 Dungeon Crawl Stone Soup version 0.29.1-1-gd02db6906a (webtiles) character file.

Game seed: 11760998265417329126

122 Icepheonix32 the Firebug (level 4, 0/33 HPs)
             Began as a Draconian Fire Elementalist on Sept 22, 2022.
             Slain by an orc
             ... wielding a +0 hand axe
              (1 damage)
             ... on level 3 of the Dungeon.
             The game lasted 00:05:43 (3926 turns).

Icepheonix32 the Firebug (DrFE)                     Turns: 3926, Time: 00:05:44

Health: 0/33       AC:  6    Str: 10    XL:     4   Next: 78%
Magic:  4/17       EV: 12    Int: 18    God:
Gold:   79         SH:  0    Dex: 11    Spells: 5/8 levels left

rFire   . . .      SeeInvis .   w - staff of death
rCold   . . .      Faith    .   (no shield)
rNeg    + . .      Spirit   .   (body armour unavailable)
rPois   .          Reflect  .   (helmet restricted)
rElec   .          Harm     .   f - +0 cloak
rCorr   .          Rampage  .   (no gloves)
Will    .....                   (no boots)
Stlth   +.........              (no amulet)
HPRegen 0.11/turn               g - ring of wizardry
MPRegen 0.15/turn               x - ring of magical power

@: confused
A: AC +5, unfitting armour, cold-blooded
a: no special abilities


You were on level 3 of the Dungeon.
You visited 1 branch of the dungeon, and saw 4 of its levels.

You collected 119 gold pieces.
You spent 40 gold pieces at shops.

Inventory:

Hand Weapons
 c - a +0 short sword
 k - a +1 whip of venom
 y - a +2 trident of venom
 z - a +0 long sword of draining
Armour
 e - +0 ice dragon scales
 f - a +0 cloak (worn)
Magical Staves
 w - a staff of death (weapon)
Jewellery
 g - a ring of wizardry (left hand)
 p - a ring of willpower
 q - a ring of wizardry
 t - an amulet of faith
 x - a ring of magical power (right hand)
Wands
 v - a wand of roots (11)
Scrolls
 b - 3 scrolls of identify
 m - 2 scrolls of enchant weapon {unknown}
 r - a scroll of enchant armour
 u - a scroll of poison {unknown}
 A - a scroll of fear {unknown}
Potions
 a - a potion of magic
 d - 2 potions of mutation {unknown}
 h - a potion of resistance {unknown}
 i - a potion of attraction {unknown}
 j - 2 potions of flight {unknown}
 l - 3 potions of curing
 n - a potion of heal wounds {unknown}
 o - a potion of haste {unknown}
 s - a potion of berserk rage {unknown}


   Skills:
 + Level 0.2 Fighting
 + Level 0.1 Staves
 + Level 2.1 Dodging
 + Level 2.2 Stealth
 + Level 2.8 Spellcasting
 + Level 1.2 Conjurations
 * Level 4.4 Fire Magic


You had 5 spell levels left.
You knew the following spells:

 Your Spells              Type           Power      Damage    Failure   Level
a - Foxfire               Conj/Fire      48%        2x1d6     1%          1
b - Scorch                Fire           36%        2d7       1%          2

Your spell library contained the following spells:

 Spells                   Type           Power      Damage    Failure   Level
 Conjure Flame            Conj/Fire      12%        6-21      6%          3
 Inner Flame              Hex/Fire       10%        N/A       9%          3
 Flame Wave               Conj/Fire      12%        2d6       21%         4
 Alistair's Intoxication  Tmut/Pois      1%         N/A       86%         5
 Borgnjor's Vile Clutch   Necr/Erth      1%         N/A       86%         5
 Eringya's Noxious Bog    Tmut/Pois      1%         N/A       100%        6


Dungeon Overview and Level Annotations

Branches:
Dungeon (4/15)
 Temple: D:4-7

Altars:
Ru
Trog

Shops:
D:2 *![?


Innate Abilities, Weirdness & Mutations

Your plain brown scales are hard. (AC +5)
You cannot fit into any form of body armour.
You are cold-blooded and may be slowed by cold attacks.


Message History

Casting: Scorch (safe; 1% risk of failure)
Confirm with . or Enter, or press ? or * to list all spells.
You don't have enough magic to cast this spell.
Casting: Scorch (safe; 1% risk of failure)
Confirm with . or Enter, or press ? or * to list all spells.
You don't have enough magic to cast this spell.
Unknown command.
Unknown command.
The orc attacks as you move away! The orc hits you with a +0 hand axe.
The orc attacks as you move away! The orc hits you with a +0 hand axe.
* * * LOW HITPOINT WARNING * * *
The iguana is no longer more vulnerable to fire.
The orc attacks as you move away! The orc hits you but does no damage.
The orc attacks as you move away! The orc hits you with a +0 hand axe.
* * * LOW HITPOINT WARNING * * *
The orc attacks as you move away! The orc barely misses you.
You hear some strange, mumbled words.
Deactivating autopickup; reactivate with Ctrl-A.
You are confused.
There is a stone staircase leading up here.
The orc hits you but does no damage.
You climb upwards.
Reactivating autopickup.
There is a stone staircase leading down here.
You barely miss the orc.
The orc is moderately wounded.
The orc barely misses you.
Unknown command.
You're too confused to cast spells.
You bump into the rock wall.
The orc hits you but does no damage.
Unknown command.
You bump into the rock wall.
The orc hits you with a +0 hand axe.
* * * LOW HITPOINT WARNING * * *
You hit the orc but do no damage.
You tail-slap the orc, but do no damage.
The orc is moderately wounded.
The orc hits you with a +0 hand axe.
* * * LOW HITPOINT WARNING * * *
The orc hits you with a +0 hand axe.
You die...

........(.#.#.###...#.#..........
........###.#.....#.#.#.#########
.........##.####..#.#.#.#
....................#.#.#
........####.###..###.#.#
........####......#.#.#.#####
#######...........#...#.....#
#########.)##.###..รท..#
#[@o....'.....# #####.###.....#
#.# #.....# #####'###.....#
#......##.....####
#......##........#
#......####......# #......#
#......# #......# #......#


You could see an orc.

Vanquished Creatures
  2 orc wizards (D:4)
  An adder (D:4)
  2 dart slugs (D:1)
  4 orcs
  8 bats
  2 endoplasms
  3 giant cockroaches
  3 goblins
  6 hobgoblins
  4 jackals
  3 quokkas (D:3)
  2 ball pythons
  2 frilled lizards (D:1)
  8 kobolds
  2 rats
52 creatures vanquished.

Vanquished Creatures (others)
  233 foxfires
233 creatures vanquished.

Grand Total: 285 creatures vanquished

Notes
Turn   | Place    | Note
-------+----------+-------------------------------------------
     0 | D:1      | Icepheonix32 the Draconian Fire Elementalist began the
                  | quest for the Orb.
     0 | D:1      | Reached XP level 1. HP: 14/14 MP: 3/3
   150 | D:1      | Reached XP level 2. HP: 20/20 MP: 0/5
   574 | D:1      | Learned a level 2 spell: Scorch
   838 | D:1      | Found a faded altar of an unknown god.
  1338 | D:2      | Found Kyfo's Distillery.
  1347 | D:2      | Bought a potion of curing for 30 gold pieces
  1393 | D:2      | Found a bloodstained altar of Trog.
  1404 | D:2      | Reached XP level 3. HP: 26/26 MP: 1/6
  1577 | D:2      | Found Pofo's Armour Shop.
  1721 | D:2      | Found Juut's Magic Scroll Shop.
  1872 | D:2      | Found Zeuwk's General Store.
  2607 | D:3      | Found a sacrificial altar of Ru.
  2691 | D:3      | Reached skill level 4 in Fire Magic
  3267 | D:2      | Bought a potion of degeneration for 10 gold pieces
  3651 | D:4      | Reached XP level 4. HP: 33/33 MP: 6/7
  3926 | D:3      | HP: 1/33 [orc/+0 hand axe (3)]
  3926 | D:3      | Slain by an orc

Illustrated notes

Levels and vault maps discovered:
D:1:      sevenhm_arrival_forest_fort_large_4, layout_basic,
          basic_ecumenical_altar
D:2:      layout_basic, basic_altar, serial_shops, shop, shop_statue,
          nicolae_shop_trees, nicolae_shop_hallway_stairs
D:3:      layout_basic, nicolae_ru_awakened_eye
D:4:      layout_basic, mainiacjoe_overflow_six_doors_small,
          lemuel_coloured_pillars_altar

Skill      XL: |  1  2  3 |
---------------+----------+-----
Stealth        | 2 |  2.2
Dodging        | 2 |  2.1
Fire Magic     | 4 |  4.4
Fighting       | |  0.2
Staves         | |  0.1
Spellcasting   | |  2.8
Conjurations   | |  1.2

Action                   |  1- 3 |  4- 6 || total
-------------------------+-------+-------++-------
Melee: Unarmed           |     3 |       ||     3
       Short sword       |    34 |       ||    34
       Tailslap          |     9 |     2 ||    11
       Staff             |    13 |     7 ||    20
       Whip              |    11 |       ||    11
 Cast: Foxfire           |   117 |    21 ||   138
       Scorch            |     6 |     9 ||    15
  Use: Scroll            |     1 |       ||     1
Armor: Skin              |    37 |     8 ||    45
Dodge: Dodged            |    67 |     7 ||    74
